MWL (24 & UNDER)
MANHATTEN MEATHEADS @ BEMIDJI BENDERS
04/27/2025
 
TOP OF THE 1ST
Manhatten Meatheads batting - Pitching for Bemidji Benders : RHP David Nanod
Pitching: RHP David Nanod
Batting: LHB Scott Young 0-0: Called Strike
0-1: Ball
1-1: Called Strike
1-2: Ball
2-2: Ball
3-2: Base on Balls
Batting: RHB Doug Coleman 0-0: Ball
1-0: Called Strike
1-1: Swinging Strike
1-2: Ball
2-2: Strikes out swinging
Batting: RHB Juan Reyes 0-0: SINGLE (Groundball, 34D)
Scott Young to second
Batting: RHB Claudio Gonzáles 0-0: Called Strike
0-1: Ball
1-1: Ball
2-1: Ball
3-1: Foul Ball, location: 2F
3-2: Strikes out swinging
Batting: RHB Alfredo Díaz 0-0: Called Strike
0-1: Swinging Strike
0-2: Strikes out swinging
Top of the 1st over - 0 run(s), 1 hit(s), 0 error(s), 2 left on base; Manhatten 0 - Bemidji 0
BOTTOM OF THE 1ST
Bemidji Benders batting - Pitching for Manhatten Meatheads : RHP Doug Cole
Pitching: RHP Doug Cole
Batting: LHB Tony O'Bryan 0-0: Ball
1-0: Ball
2-0: SINGLE (Groundball, 34D)
Batting: RHB Ken McDonald 0-0: Ball
1-0: Fly out, F7 (Flyball, 7LM)
Batting: LHB José González 0-0: Swinging Strike
0-1: Hit by Pitch
Tony O'Bryan to second
Batting: LHB Raúl Morales 0-0: Called Strike
0-1: Swinging Strike
0-2: Ball
1-2: Foul Ball, location: 2F
1-2: Grounds into double play, 4-6-3 (Groundball, 4)
Bottom of the 1st over - 0 run(s), 1 hit(s), 0 error(s), 1 left on base; Manhatten 0 - Bemidji 0
TOP OF THE 2ND
Manhatten Meatheads batting - Pitching for Bemidji Benders : RHP David Nanod
Batting: RHB Júlio Galló 0-0: Ball
1-0: Ground out 4-3 (Groundball, 4)
Batting: SHB Kent Phillips 0-0: Foul Ball, location: 2F
0-1: Foul Ball, location: 2F
0-2: Strikes out swinging
Batting: RHB Mark McDonald 0-0: Called Strike
0-1: Called Strike
0-2: Strikes out looking
Top of the 2nd over - 0 run(s), 0 hit(s), 0 error(s), 0 left on base; Manhatten 0 - Bemidji 0
BOTTOM OF THE 2ND
Bemidji Benders batting - Pitching for Manhatten Meatheads : RHP Doug Cole
Batting: SHB Dave Henley 0-0: Ball
1-0: Ball
2-0: Ball
3-0: Base on Balls
Batting: SHB Conan Hanson 0-0: Called Strike
0-1: Swinging Strike
0-2: Strikes out swinging
Batting: RHB Roberto Solís 0-0: Ball
1-0: Ball
2-0: Ground out 5-3 (Groundball, 56S)
Dave Henley to second
Batting: LHB Jesús Raugel 0-0: Ball
1-0: Ball
2-0: Foul Ball, location: 2F
2-1: Called Strike
2-2: Fly out, F7 (Popup, 6D)
Bottom of the 2nd over - 0 run(s), 0 hit(s), 0 error(s), 1 left on base; Manhatten 0 - Bemidji 0
TOP OF THE 3RD
Manhatten Meatheads batting - Pitching for Bemidji Benders : RHP David Nanod
Batting: RHB Denver Baker 0-0: Ball
1-0: Ball
2-0: Reached on error, E3 (Groundball, 3L)
Batting: LHB Scott Young 0-0: Foul Ball, location: 2F
0-1: Called Strike
0-2: Ball
1-2: Strikes out swinging
Batting: RHB Doug Coleman 0-0: Ball
1-0: SINGLE (Groundball, 6MD)
Denver Baker to second
Batting: RHB Juan Reyes 0-0: Ball
1-0: Ball
2-0: Ball
3-0: Base on Balls
Denver Baker to third
Doug Coleman to second
Batting: RHB Claudio Gonzáles 0-0: Called Strike
0-1: Ball
1-1: Ball
2-1: Ball
3-1: Base on Balls
Denver Baker scores
Doug Coleman to third
Juan Reyes to second
Batting: RHB Alfredo Díaz 0-0: Ball
1-0: Called Strike
1-1: Ball
2-1: Foul Ball, location: 2F
2-2: Foul Ball, location: 2F
2-2: Foul Ball, location: 2F
2-2: Ball
3-2: Foul Ball, location: 2F
3-2: Strikes out swinging
Batting: RHB Júlio Galló 0-0: Called Strike
0-1: Foul Ball, location: 2F
0-2: Strikes out swinging
Top of the 3rd over - 1 run(s), 1 hit(s), 1 error(s), 3 left on base; Manhatten 1 - Bemidji 0
BOTTOM OF THE 3RD
Bemidji Benders batting - Pitching for Manhatten Meatheads : RHP Doug Cole
Batting: LHB Todd Anderson 0-0: Bunt missed!
0-1: Ground out 1-3 (Groundball, 15)
Batting: LHB Tony O'Bryan 0-0: Ball
1-0: Fly out, F4 (Line Drive, 4M)
Batting: RHB Ken McDonald 0-0: Ball
1-0: SINGLE (Flyball, 7LS)
Batting: LHB José González 0-0: Swinging Strike
0-1: Ball
1-1: Ground out 4-3 (Groundball, 34)
Bottom of the 3rd over - 0 run(s), 1 hit(s), 0 error(s), 1 left on base; Manhatten 1 - Bemidji 0
TOP OF THE 4TH
Manhatten Meatheads batting - Pitching for Bemidji Benders : RHP David Nanod
Batting: SHB Kent Phillips 0-0: Ball
1-0: Foul Ball, location: 2F
1-1: Ball
2-1: Ball
3-1: Foul Ball, location: 2F
3-2: Fly out, F9 (Flyball, 89M)
Batting: RHB Mark McDonald 0-0: Ground out 3-1 (Groundball, 3)
Batting: RHB Denver Baker 0-0: Called Strike
0-1: Fly out, F7 (Flyball, 7M)
Top of the 4th over - 0 run(s), 0 hit(s), 0 error(s), 0 left on base; Manhatten 1 - Bemidji 0
BOTTOM OF THE 4TH
Bemidji Benders batting - Pitching for Manhatten Meatheads : RHP Doug Cole
Batting: LHB Raúl Morales 0-0: Ground out 4-3 (Groundball, 4)
Batting: SHB Dave Henley 0-0: Foul Ball, location: 2F
0-1: Swinging Strike
0-2: SOLO HOME RUN (Flyball, 9LD), Distance : 352 ft
Batting: SHB Conan Hanson 0-0: Ball
1-0: Fly out, F7 (Flyball, 7M)
Batting: RHB Roberto Solís 0-0: Ball
1-0: Ball
2-0: Called Strike
2-1: SINGLE (Line Drive, 9S)
Batting: LHB Jesús Raugel 0-0: Ball
Passed Ball!
Roberto Solís to second
1-0: Foul Ball, location: 2F
1-1: Ball
2-1: Ball
3-1: Base on Balls
Batting: LHB Todd Anderson 0-0: Ball
Wild Pitch!
Roberto Solís to third
Jesús Raugel to second
1-0: Foul Ball, location: 2F
1-1: Ball
2-1: Foul Ball, location: 2F
2-2: Ground out U3 (Groundball, 3)
Bottom of the 4th over - 1 run(s), 2 hit(s), 0 error(s), 2 left on base; Manhatten 1 - Bemidji 1
TOP OF THE 5TH
Manhatten Meatheads batting - Pitching for Bemidji Benders : RHP David Nanod
Batting: LHB Scott Young 0-0: SINGLE (Flyball, 8LS)
Batting: RHB Doug Coleman 0-0: Ball
1-0: Foul Ball, location: 2F
1-1: Ball
2-1: Foul Ball, location: 2F
2-2: SINGLE (Line Drive, 6D)
Scott Young to second
Batting: RHB Juan Reyes 0-0: Ball
1-0: Foul Ball, location: 2F
1-1: Foul Ball, location: 2F
1-2: Ball
2-2: Strikes out looking
Batting: RHB Claudio Gonzáles 0-0: Ball
1-0: Called Strike
1-1: Called Strike
1-2: Grounds into double play, 6-4-3 (Groundball, 56)
Top of the 5th over - 0 run(s), 2 hit(s), 0 error(s), 1 left on base; Manhatten 1 - Bemidji 1
BOTTOM OF THE 5TH
Bemidji Benders batting - Pitching for Manhatten Meatheads : RHP Doug Cole
Batting: LHB Tony O'Bryan 0-0: Ball
1-0: Called Strike
1-1: Foul Ball, location: 2F
1-2: Strikes out swinging
Batting: RHB Ken McDonald 0-0: Ball
1-0: Foul Ball, location: 2F
1-1: SINGLE (Line Drive, 9LS)
Batting: LHB José González 0-0: Ball
1-0: Ball
2-0: Ball
3-0: Base on Balls
Ken McDonald to second
Batting: LHB Raúl Morales 0-0: Ball
1-0: Ball
2-0: Ball
3-0: Called Strike
3-1: Base on Balls
Ken McDonald to third
José González to second
Batting: SHB Dave Henley 0-0: Called Strike
0-1: Ball
1-1: Ball
2-1: Ball
3-1: Swinging Strike
3-2: Base on Balls
Ken McDonald scores
José González to third
Raúl Morales to second
Batting: SHB Conan Hanson 0-0: Ball
1-0: Swinging Strike
1-1: Swinging Strike
1-2: Ball
2-2: Ball
3-2: Foul Ball, location: 2F
3-2: Foul Ball, location: 2F
3-2: Base on Balls
José González scores
Raúl Morales to third
Dave Henley to second
Pitching: RHP Víctor Viña
Batting: RHB Roberto Solís 0-0: SINGLE (Groundball, 56D)
Raúl Morales scores
Dave Henley to third
Conan Hanson to second
Batting: LHB Jesús Raugel 0-0: Called Strike
0-1: Called Strike
0-2: Ball
1-2: Foul Ball, location: 2F
1-2: Strikes out swinging
Batting: LHB Todd Anderson 0-0: Foul Ball, location: 2F
0-1: Foul Ball, location: 2F
0-2: Ball
1-2: Ball
2-2: Ball
3-2: Base on Balls
Dave Henley scores
Conan Hanson to third
Roberto Solís to second
Batting: LHB Tony O'Bryan 0-0: Ball
1-0: Foul Ball, location: 2F
1-1: Called Strike
1-2: Ball
2-2: Ball
3-2: Base on Balls
Conan Hanson scores
Roberto Solís to third
Todd Anderson to second
Batting: RHB Ken McDonald 0-0: Ball
1-0: Foul Ball, location: 2F
1-1: Foul Ball, location: 2F
1-2: SINGLE (Flyball, 9S)
Roberto Solís scores
Todd Anderson to third
Tony O'Bryan to second
Batting: LHB José González 0-0: Ground out U3 (Groundball, 3S)
Bottom of the 5th over - 6 run(s), 3 hit(s), 0 error(s), 3 left on base; Manhatten 1 - Bemidji 7
TOP OF THE 6TH
Manhatten Meatheads batting - Pitching for Bemidji Benders : RHP David Nanod
Batting: RHB Alfredo Díaz 0-0: Foul Ball, location: 2F
0-1: Foul Ball, location: 2F
0-2: SINGLE (Groundball, 56D)
Pitching: RHP Ramón Rodríguez
Batting: RHB Júlio Galló 0-0: Ball
1-0: Called Strike
1-1: Ball
2-1: Called Strike
2-2: Ball
3-2: Fly out, F9 (Flyball, 9M)
3-2: Fly out, F9 (Flyball, 9M)
Batting: SHB Kent Phillips 0-0: Ball
1-0: Fielders Choice at 2nd, 4-6 (Groundball, 4)
Batting: RHB Mark McDonald 0-0: Ball
1-0: Called Strike
1-1: Called Strike
1-2: Strikes out swinging
Top of the 6th over - 0 run(s), 1 hit(s), 0 error(s), 1 left on base; Manhatten 1 - Bemidji 7
BOTTOM OF THE 6TH
Bemidji Benders batting - Pitching for Manhatten Meatheads : RHP Víctor Viña
Batting: LHB Raúl Morales 0-0: Swinging Strike
0-1: Ball
1-1: Swinging Strike
1-2: Ball
2-2: SINGLE (Groundball, 56)
Batting: SHB Dave Henley 0-0: Ball
1-0: Ball
2-0: Ball
3-0: Called Strike
3-1: SINGLE (Flyball, 8LS)
Raúl Morales to second
Pitching: RHP Tom Cunningham
Batting: SHB Conan Hanson 0-0: Fly out, F7 (Flyball, 7S)
Batting: RHB Roberto Solís 0-0: Ball
1-0: Hit by Pitch
Raúl Morales to third
Dave Henley to second
Batting: LHB Jesús Raugel 0-0: Foul Ball, location: 2F
0-1: Ball
1-1: Called Strike
1-2: Foul Ball, location: 2F
1-2: Strikes out swinging
Batting: LHB Todd Anderson 0-0: Called Strike
0-1: Ball
1-1: Called Strike
1-2: Fly out, F6 (Popup, 6M)
Bottom of the 6th over - 0 run(s), 2 hit(s), 0 error(s), 3 left on base; Manhatten 1 - Bemidji 7
TOP OF THE 7TH
Manhatten Meatheads batting - Pitching for Bemidji Benders : RHP Ramón Rodríguez
Batting: RHB Denver Baker 0-0: Called Strike
0-1: Swinging Strike
0-2: Strikes out swinging
Batting: LHB Scott Young 0-0: Ball
1-0: Called Strike
1-1: Ball
2-1: Ball
3-1: Called Strike
3-2: Foul Ball, location: 2F
3-2: Base on Balls
Batting: RHB Doug Coleman 0-0: Called Strike
0-1: Ball
1-1: DOUBLE (Line Drive, 78S)
Scott Young to third
Batting: RHB Juan Reyes 0-0: Fly out, F7 (Flyball, 7D)
Runner from 3rd tags up, SCORES, throw made
Batting: RHB Claudio Gonzáles 0-0: Ball
1-0: Fly out, F8 (Flyball, 8RS)
Top of the 7th over - 1 run(s), 1 hit(s), 0 error(s), 1 left on base; Manhatten 2 - Bemidji 7
BOTTOM OF THE 7TH
Bemidji Benders batting - Pitching for Manhatten Meatheads : RHP Tom Cunningham
Batting: LHB Tony O'Bryan 0-0: Ball
1-0: Ball
2-0: Called Strike
2-1: Foul Ball, location: 2F
2-2: SOLO HOME RUN (Flyball, 89XD), Distance : 373 ft
Batting: RHB Ken McDonald 0-0: Ball
1-0: Ball
2-0: Ground out 6-3 (Groundball, 6)
Batting: LHB José González 0-0: Ball
1-0: Ground out 1-3 (Groundball, 34S)
Batting: LHB Raúl Morales 0-0: DOUBLE (Line Drive, 8RS)
Batting: SHB Dave Henley 0-0: DOUBLE (Groundball, 5L)
Raúl Morales scores
Batting: SHB Conan Hanson 0-0: Called Strike
0-1: Ball
1-1: Swinging Strike
1-2: SINGLE (Groundball, 4M)
Dave Henley to third
Runner from 3rd tries for Home, SAFE, no throw or cutoff
Batting: RHB Roberto Solís 0-0: Ball
1-0: Called Strike
1-1: Ball
2-1: Ball
3-1: Base on Balls
Conan Hanson to second
Batting: LHB Jesús Raugel 0-0: Ball
1-0: Ball
2-0: Ball
3-0: Base on Balls
Conan Hanson to third
Roberto Solís to second
Batting: LHB Todd Anderson 0-0: Called Strike
0-1: Ball
1-1: Ground out 1-3 (Groundball, 13)
Bottom of the 7th over - 3 run(s), 4 hit(s), 0 error(s), 3 left on base; Manhatten 2 - Bemidji 10
TOP OF THE 8TH
Manhatten Meatheads batting - Pitching for Bemidji Benders : RHP Ramón Rodríguez
Pitching: LHP José Travez
Now in CF: Júlio Valdés
Batting: RHB Alfredo Díaz 0-0: Ball
1-0: Called Strike
1-1: Foul Ball, location: 2F
1-2: Foul Ball, location: 2F
1-2: Strikes out swinging
Batting: RHB Júlio Galló 0-0: Called Strike
0-1: Fly out, F4 (Popup, 4)
Batting: SHB Kent Phillips 0-0: Swinging Strike
0-1: Swinging Strike
0-2: Ball
1-2: Ball
2-2: Strikes out swinging
Top of the 8th over - 0 run(s), 0 hit(s), 0 error(s), 0 left on base; Manhatten 2 - Bemidji 10
BOTTOM OF THE 8TH
Bemidji Benders batting - Pitching for Manhatten Meatheads : RHP Tom Cunningham
Pitching: RHP Will Tyler
Batting: LHB Tony O'Bryan 0-0: Called Strike
0-1: Swinging Strike
0-2: Strikes out swinging
Batting: RHB Ken McDonald 0-0: Called Strike
0-1: Called Strike
0-2: Fly out, F2 (Popup, 2LF)
Batting: LHB José González 0-0: Ball
1-0: Fly out, F9 (Line Drive, 9D)
Bottom of the 8th over - 0 run(s), 0 hit(s), 0 error(s), 0 left on base; Manhatten 2 - Bemidji 10
TOP OF THE 9TH
Manhatten Meatheads batting - Pitching for Bemidji Benders : LHP José Travez
Now at 1B: Bruce Foster
Now in RF: Simão Polido
Batting: RHB Mark McDonald 0-0: Ball
1-0: Foul Ball, location: 2F
1-1: Foul Ball, location: 2F
1-2: Ball
2-2: Strikes out swinging
Batting: RHB Denver Baker 0-0: Ball
1-0: Called Strike
1-1: Called Strike
1-2: Ball
2-2: Strikes out swinging
Batting: LHB Scott Young 0-0: Ball
1-0: Ball
2-0: Swinging Strike
2-1: Ball
3-1: Base on Balls
Batting: RHB Doug Coleman 0-0: Called Strike
0-1: Ball
1-1: Ball
2-1: Ball
3-1: Called Strike
3-2: Foul Ball, location: 2F
3-2: Ground out 6-3 (Groundball, 6)
Top of the 9th over - 0 run(s), 0 hit(s), 0 error(s), 1 left on base; Manhatten 2 - Bemidji 10
This league is powered by Out of the Park Baseball, the baseball management simulation game for PC, Mac and Linux
Tuesday, August 2nd, 2016 - OOTP Baseball 16.8 Build 38